 Dungeon Crawl Stone Soup version 0.28-a0-1493-g08698888e4 (webtiles) character file.

Game seed: 2807394197263300681

70577 blank1 the Warrior (level 14, -3/148 HPs)
             Began as a Minotaur Fighter on Jan 12, 2022.
             Was the Champion of Makhleb.
             Slain by a dire elephant (19 damage)
             ... on level 6 of the Lair of Beasts.
             The game lasted 00:44:48 (22405 turns).

blank1 the Warrior (Minotaur Fighter)              Turns: 22405, Time: 00:44:48

Health: -3/148     AC: 34    Str: 22    XL:     14   Next: 94%
Magic:  19/19      EV: 11    Int:  8    God:    Makhleb [******]
Gold:   1378       SH:  5    Dex: 14    Spells: 13/13 levels left

rFire   + . .      SeeInvis .   n - +5 flail (protect)
rCold   . . .      Faith    .   c - +0 buckler
rNeg    . . .      Spirit   .   x - +4 plate armour
rPois   +          Reflect  .   C - +2 hat {Int+3}
rElec   .          Harm     .   D - +0 cloak
rCorr   .          Rampage  .   N - +0 pair of gloves
Will    +....                   J - +0 pair of boots
Stlth   ..........              f - amulet of the acrobat
HPRegen 0.34/turn               t - ring of protection from fire
MPRegen 0.16/turn               E - ring of poison resistance

@: under a protective aura, studying Axes
A: horns 2, retaliatory headbutt
a: Renounce Religion, Minor Destruction, Lesser Servant of Makhleb, Major
Destruction, Greater Servant of Makhleb


You were on level 6 of the Lair of Beasts.
You worshipped Makhleb.
Makhleb was exalted by your worship.
You visited 2 branches of the dungeon, and saw 16 of its levels.
You also visited: Ice Cave.

You collected 1378 gold pieces.

Inventory:

Hand Weapons
 n - a +5 flail of protection (weapon)
 w - the +3 spear "Xiankac" {drain, Drain Fly rElec Will+++}
   (You took it off a kobold brigand on level 6 of the Dungeon)

   A truly terrible weapon, it drains the life of any living foe it strikes.
   rElec:     It insulates you from electricity.
   Fly:       It grants you flight.
   Drain:     It drains your maximum health when unequipped.
   Will:      It greatly increases your willpower.
 B - a +0 scimitar of flaming
Missiles
 M - a throwing net
Armour
 c - a +0 buckler (worn)
 u - the +4 ring mail of Hospitality {-Tele rPois rF+}
   (You found it on level 6 of the Dungeon)

   rF:        It protects you from fire.
   rPois:     It protects you from poison.
   -Tele:     It prevents most forms of teleportation.
 x - a +4 plate armour (worn)
 C - a +2 hat of intelligence (worn)
 D - a +0 cloak (worn)
 J - a +0 pair of boots (worn)
 N - a +0 pair of gloves (worn)
 P - +0 ice dragon scales
Jewellery
 f - an amulet of the acrobat (around neck)
 t - a ring of protection from fire (left hand)
 E - a ring of poison resistance (right hand)
 Q - a ring of fire
Wands
 i - a wand of iceblast (6)
 o - a wand of polymorph (6)
 v - a wand of acid (30)
Scrolls
 a - a scroll of fear
 h - a scroll of fog
 k - 9 scrolls of teleportation
 m - 2 scrolls of enchant armour
 q - 2 scrolls of vulnerability
 y - 3 scrolls of blinking
 G - a scroll of holy word
 I - a scroll of brand weapon
 K - a scroll of magic mapping
 L - 2 scrolls of enchant weapon
 O - a scroll of torment
 R - 5 scrolls of identify
Potions
 b - a potion of resistance
 d - 4 potions of might
 e - a potion of invisibility
 g - 3 potions of haste
 j - 2 potions of heal wounds
 l - 5 potions of lignification
 p - 11 potions of curing
 r - a potion of berserk rage
 s - a potion of cancellation
 z - a potion of brilliance
 A - 2 potions of mutation
 F - 2 potions of attraction
 H - a potion of magic
 S - a potion of flight {unknown}


   Skills:
 + Level 20.1 Fighting
 - Level 14.0 Maces & Flails
 - Level 15.0 Armour
 + Level 10.2 Dodging
 - Level 5.0 Shields
 - Level 8.0 Invocations


You had 13 spell levels left.
You didn't know any spells.
Your spell library contained the following spells:

 Spells                   Type           Power      Damage    Failure   Level
 Animate Skeleton         Necr           0%         N/A       99%         1
 Apportation              Tloc           0%         N/A       99%         1
 Beastly Appendage        Tmut           0%         N/A       99%         1
 Magic Dart               Conj           0%         1d3       99%         1
 Summon Small Mammal      Summ           0%         N/A       99%         1
 Call Imp                 Summ           0%         N/A       100%        2
 Searing Ray              Conj           0%         2d4       100%        2
 Static Discharge         Conj/Air       0%         N/A       100%        2
 Wereblood                Tmut           0%         N/A       100%        2
 Frozen Ramparts          Ice            0%         1d2       100%        3
 Mephitic Cloud           Conj/Pois/Air  0%         N/A       100%        3
 Spider Form              Tmut/Pois      0%         N/A       100%        3
 Animate Dead             Necr           0%         N/A       100%        4
 Dispel Undead            Necr           0%         3d6       100%        4
 Fulminant Prism          Conj/Hex       0%         3d6       100%        4
 Hailstorm                Conj/Ice       0%         3d3       100%        4
 Ice Form                 Ice/Tmut       0%         N/A       100%        4
 Sticky Flame             Conj/Fire      0%         2d3       100%        4
 Summon Ice Beast         Ice/Summ       0%         N/A       100%        4
 Borgnjor's Vile Clutch   Necr/Erth      0%         N/A       100%        5
 Lightning Bolt           Conj/Air       0%         1d11      100%        5
 Death Channel            Necr           0%         N/A       100%        6
 Simulacrum               Ice/Necr       0%         N/A       100%        6
 Maxwell's Capacitive Co  Air            0%         ∞         100%        8


Dungeon Overview and Level Annotations

Branches:
Dungeon (10/15)            Temple (0/1) D:7            Lair (6/6) D:9
  Snake (0/4) Lair:2       Spider (0/4) Lair:3        Slime (0/5) Lair:5
    Orc (0/2) D:10          IceCv (visited)

Altars:
Elyvilon
Fedhas
Makhleb
Nemelex Xobeh
Qazlal
Sif Muna
Trog
Uskayaw
Beogh
Jiyva

Shops:
D:8 *   D:9 *


Innate Abilities, Weirdness & Mutations

You have a pair of horns on your head.
You reflexively headbutt those who attack you in melee.


Message History

The dire elephant is almost dead.
The dire elephant tramples you!
* * * LOW HITPOINT WARNING * * *
You hold your ground!
The dire elephant trunk-slaps you but does no damage.
The dire elephant misses you.
The dire elephant trunk-slaps you but does no damage.
You feel much better.
The dire elephant completely misses you.
The dire elephant closely misses you. The dire elephant tramples you.
* * * LOW HITPOINT WARNING * * *
You hold your ground!
The dire elephant trunk-slaps you but does no damage.
You hit the dire elephant.
The dire elephant is almost dead.
You hit the dire elephant.
The dire elephant is almost dead.
You block the dire elephant's attack.
The dire elephant trunk-slaps you but does no damage.
The dire elephant tramples you but does no damage.
You block the dire elephant's attack.
You bludgeon the dire elephant!!
You kill the dire elephant!
Makhleb accepts your kill.
You feel better. The dire elephant tramples you.
* * * LOW HITPOINT WARNING * * *
You hold your ground!
The dire elephant trunk-slaps you but does no damage.
You bludgeon the dire elephant!!
The dire elephant is moderately wounded.
The dire elephant tramples you!!
* * * LOW HITPOINT WARNING * * *
You hold your ground!
The dire elephant trunk-slaps you but does no damage.
You hit the dire elephant but do no damage.
The dire elephant is moderately wounded.
You hit the dire elephant.
The dire elephant is moderately wounded.
The dire elephant tramples you!!
You die...

##♣♣P.P.....## #.♣.........Y##
#..........#..#
P..♣♣####'Y#Y'######### ######
♣.♣♣ #8..#....8##.≈≈##8...8# #'##
#P..#P.)..'..≈≈≈'....)# #)##
#.#.####.8#.≈≈≈≈'...$)#
########'#....####.≈≈≈≈#8...8#
###8...P.####†.Y@#≈≈≈≈P#######
#...)..# ####†###≈.###8.8## #
#8...P.##♣♣♣##...#####8.⌠.8####
##########♣...P###...............
.♣#♣####♣P.....P♣########'''#####
...................(............#
.................................
.................................
.................................


You could see a dire elephant.

Vanquished Creatures
  Gastronok (Lair:2)
  A reaper (IceCv)
  Nessos (Lair:5)
  3 dire elephants (Lair:6)
  A boulder beetle (Lair:5)
  An ice dragon (Lair:5)
  4 hydras
  A two-headed ogre (D:10)
  Erica (D:8)
  15 death yaks
  The ghost of shadowrider38 the Transmogrifier, a novice MfEE of Sif Muna (D:7)
  Sonja (Lair:5)
  A spectral anaconda (Lair:6)
  An obsidian statue (Lair:6)
  2 necromancers (Lair:6)
  A wizard (D:9)
  A lindwurm (Lair:1)
  2 oklob plants (Lair:3)
  A moth of wrath (D:7)
  A dire elephant zombie (Lair:6)
  6 black mambas
  2 ice statues (IceCv)
  19 elephants
  16 cane toads
  Maggie (D:10)
  3 rime drakes
  9 komodo dragons
  An entropy weaver simulacrum (IceCv)
  A freezing wraith (IceCv)
  6 ice devils (IceCv)
  2 trolls
  2 polar bears (Lair:5)
  A hornet (D:8)
  23 blink frogs
  A spectral elephant (Lair:6)
  6 dream sheep (Lair:6)
  A vampire (D:10)
  3 wyverns
  A dire elephant simulacrum (IceCv)
  6 basilisks
  41 yaks
  2 spectral cane toads (Lair:6)
  A redback (Lair:3)
  A steam dragon (Lair:4)
  A death yak simulacrum (Lair:6)
  Menkaure (D:6)
  Edmund (D:4)
  A cane toad zombie (D:9)
  A harpy simulacrum (IceCv)
  5 nagas (Lair:2)
  22 water moccasins
  4 black bears
  8 orc warriors
  3 ice beasts
  2 sky beasts
  10 ogres
  21 wolves
  2 necrophages
  6 centaurs
  An elephant zombie (Lair:6)
  2 kobold brigands
  19 bullfrogs
  A water moccasin zombie (D:5)
  2 wyvern zombies
  2 scorpions
  2 two-headed ogre simulacra (IceCv)
  A cane toad simulacrum (Lair:6)
  3 elephant simulacra (IceCv)
  A water moccasin skeleton (D:5)
  9 killer bees (D:8)
  3 howler monkeys (D:6)
  8 electric eels
  6 centaur zombies
  3 jellies
  2 bullfrog skeletons
  18 hounds
  3 gnoll shamans (D:6)
  14 orc priests
  2 iguanas
  Terence (D:2)
  17 orc wizards
  Natasha (thrice) (D:2)
  A troll simulacrum (IceCv)
  A spriggan simulacrum (IceCv)
  2 wolf simulacra (IceCv)
  An ogre zombie (D:8)
  3 killer bee zombies
  A hound skeleton (D:5)
  5 gnolls (D:6)
  2 naga simulacra (IceCv)
  3 adders
  2 gnoll zombies (D:8)
  6 white imps
  5 ufetubi
  An adder skeleton (D:4)
  A dart slug (D:3)
  3 worms
  63 orcs
  6 ball pythons
  3 bats (D:3)
  7 endoplasms
  6 giant cockroaches
  4 goblins
  9 hobgoblins
  2 jackals (D:2)
  4 quokkas
  4 frilled lizards
  14 kobolds
  10 rats
576 creatures vanquished.

Vanquished Creatures (collateral kills)
  A hydra (D:7)
  A black bear (D:7)
2 creatures vanquished.

Vanquished Creatures (others)
  A wizard (D:3)
  A polar bear (Lair:5)
  A water moccasin (Lair:1)
  41 fungi
  43 plants
  19 withered plants (Lair:6)
106 creatures vanquished.

Grand Total: 684 creatures vanquished

Notes
Turn   | Place    | Note
-------+----------+-------------------------------------------
     0 | D:1      | blank1 the Minotaur Fighter began the quest for the Orb.
     0 | D:1      | Reached XP level 1. HP: 19/19 MP: 0/0
   100 | D:1      | Found a faded altar of an unknown god.
   139 | D:1      | Reached XP level 2. HP: 27/27 MP: 1/1
   680 | D:1      | Prayed at the altar of an unknown god.
   680 | D:1      | Became a worshipper of Makhleb the Destroyer
   680 | D:1      | Reached * piety under Makhleb
   729 | D:2      | Reached skill level 1 in Dodging
   822 | D:2      | Reached XP level 3. HP: 33/33 MP: 2/2
   892 | D:2      | Reached skill level 4 in Fighting
  1143 | D:2      | Noticed Terence
  1144 | D:2      | Noticed Natasha
  1150 | D:2      | Killed Terence
  1154 | D:2      | Killed Natasha
  1155 | D:2      | Reached XP level 4. HP: 9/40 MP: 3/3
  1453 | D:2      | Noticed Natasha
  1459 | D:2      | Killed Natasha
  1700 | D:2      | Noticed Natasha
  1707 | D:2      | Killed Natasha
  1708 | D:2      | Reached XP level 5. HP: 19/47 MP: 4/4
  1980 | D:3      | Reached ** piety under Makhleb
  2028 | D:3      | Found a bloodstained altar of Trog.
  2321 | D:3      | Reached skill level 5 in Fighting
  2321 | D:3      | Reached skill level 5 in Maces & Flails
  2517 | D:3      | Noticed a wizard
  2519 | D:3      | Killed a wizard
  2801 | D:4      | Noticed an ogre
  2810 | D:3      | Killed an ogre
  2811 | D:3      | Reached XP level 6. HP: 29/56 MP: 5/5
  3070 | D:4      | Noticed Edmund
  3140 | D:4      | Reached skill level 6 in Fighting
  3151 | D:4      | Reached skill level 1 in Invocations
  3211 | D:4      | Killed Edmund
  3212 | D:4      | Reached XP level 7. HP: 41/63 MP: 5/7
  3378 | D:4      | Reached *** piety under Makhleb
  3426 | D:4      | Reached skill level 5 in Armour
  4013 | D:4      | Found a stormy altar of Qazlal.
  4066 | D:4      | Noticed a +0 spear
  4066 | D:4      | Noticed a +0 short sword
  4067 | D:4      | Noticed a +0 falchion
  4068 | D:4      | Noticed a +0 dagger
  4068 | D:4      | Noticed a +0 spear
  4068 | D:4      | Noticed a +0 falchion
  4068 | D:4      | Noticed a +0 short sword
  4069 | D:4      | Noticed a +0 dagger
  4072 | D:4      | Found a hide-covered altar of Uskayaw.
  4180 | D:5      | Entered Level 5 of the Dungeon
  4241 | D:5      | Reached skill level 7 in Fighting
  4516 | D:5      | Reached skill level 8 in Fighting
  4590 | D:5      | Reached XP level 8. HP: 64/74 MP: 8/8
  5088 | D:6      | Identified the +4 ring mail of Hospitality {-Tele rPois
                  | rF+}
  5571 | D:6      | Noticed Menkaure
  5577 | D:6      | Reached skill level 9 in Fighting
  5586 | D:6      | Killed Menkaure
  5933 | D:6      | Reached XP level 9. HP: 84/84 MP: 9/9
  5940 | D:6      | Reached **** piety under Makhleb
  5950 | D:6      | Found a shimmering blue altar of Sif Muna.
  6027 | D:6      | Reached skill level 10 in Fighting
  6201 | D:6      | Found a burning altar of Makhleb.
  6221 | D:6      | Found a sparkling altar of Nemelex Xobeh.
  6283 | D:6      | Identified the +3 spear "Xiankac" {drain, Drain Fly rElec
                  | Will+++}
  6415 | D:6      | Reached skill level 10 in Maces & Flails
  6455 | D:6      | Noticed a kobold demonologist
  6828 | D:6      | Reached skill level 5 in Dodging
  6884 | D:6      | Reached XP level 10. HP: 93/93 MP: 12/12
  7273 | D:7      | Found a staircase to the Ecumenical Temple.
  7375 | D:7      | You fall into a shaft and drop 1 floor!
  7513 | D:7      | Reached ***** piety under Makhleb
  7574 | D:7      | Noticed an eight-headed hydra
  7579 | D:7      | Noticed shadowrider38's ghost (novice MfEE)
  7645 | D:7      | Found a transporter.
  7645 | D:7      | Noticed a moth of wrath
  7655 | D:7      | Found a transporter.
  8384 | D:8      | Noticed Erica
  8590 | D:8      | Paralysed by a hornet for 2 turns
  8597 | D:8      | Reached skill level 11 in Fighting
  8930 | D:8      | Found a transporter.
  9012 | D:8      | Found Roan's General Store.
  9139 | D:8      | Found a transporter.
  9300 | D:8      | Killed Erica
  9349 | D:8      | Reached skill level 12 in Fighting
  9702 | D:9      | Reached skill level 5 in Invocations
 10075 | D:9      | Found Ditidag's Assorted Antiques.
 10091 | D:9      | Noticed a wizard
 10116 | D:9      | Killed a wizard
 10117 | D:9      | Reached XP level 11. HP: 104/104 MP: 13/13
 10240 | D:9      | Reached skill level 10 in Armour
 10460 | D:9      | Found a staircase to the Lair.
 11011 | D:10     | Entered Level 10 of the Dungeon
 11242 | D:10     | Noticed Maggie
 11267 | D:10     | Killed Maggie
 11268 | D:10     | Reached skill level 13 in Fighting
 11522 | D:10     | Reached ****** piety under Makhleb
 11721 | D:10     | Found a white marble altar of Elyvilon.
 11818 | D:10     | Noticed a two-headed ogre
 11826 | D:10     | Killed a two-headed ogre
 11833 | D:10     | Found a staircase to the Orcish Mines.
 12356 | D:7      | Reached skill level 14 in Fighting
 12362 | D:7      | Killed an eight-headed hydra
 12377 | D:7      | Killed shadowrider38's ghost
 12502 | Lair:1   | Entered Level 1 of the Lair of Beasts
 12556 | Lair:1   | Identified a scroll of acquirement
 12556 | Lair:1   | Acquired a manual of Axes
 12662 | Lair:1   | Noticed a lindwurm
 12672 | Lair:1   | Reached XP level 12. HP: 99/117 MP: 14/14
 13247 | Lair:1   | Reached skill level 5 in Shields
 13613 | Lair:2   | Noticed a death yak
 13625 | Lair:2   | Noticed a death yak
 13628 | Lair:2   | Noticed a death yak
 13629 | Lair:2   | Noticed a death yak
 13630 | Lair:2   | Noticed a death yak
 13631 | Lair:2   | Killed a death yak
 13632 | Lair:2   | Noticed a death yak
 13647 | Lair:1   | Killed a death yak
 13746 | Lair:2   | Noticed a seven-headed hydra
 13754 | Lair:2   | Killed a seven-headed hydra
 13791 | Lair:2   | Noticed Gastronok
 13819 | Lair:2   | Killed Gastronok
 13820 | Lair:2   | Reached skill level 15 in Fighting
 14660 | Lair:2   | Killed a death yak
 14704 | Lair:2   | Killed a death yak
 14705 | Lair:2   | Reached XP level 13. HP: 108/128 MP: 17/17
 14732 | Lair:2   | Reached skill level 16 in Fighting
 14864 | Lair:2   | Found a staircase to the Snake Pit.
 15373 | Lair:3   | Found a blossoming altar of Fedhas.
 15770 | Lair:3   | Identified the +1 robe of Going Fast {Stlth+}
 16111 | Lair:3   | Found a hole to the Spider Nest.
 17790 | Lair:5   | Reached skill level 17 in Fighting
 18196 | Lair:5   | Found a frozen archway.
 18250 | IceCv    | Entered an ice cave
 18457 | IceCv    | Reached skill level 18 in Fighting
 19088 | IceCv    | Reached XP level 14. HP: 130/143 MP: 18/18
 19180 | IceCv    | Noticed a reaper
 19202 | IceCv    | Killed a reaper
 19481 | Lair:5   | Noticed Nessos
 19535 | Lair:5   | Killed Nessos
 19758 | Lair:5   | Found a staircase to the Slime Pits.
 19758 | Lair:5   | Found a viscous altar of Jiyva.
 19768 | Lair:5   | Noticed Sonja
 19777 | Lair:5   | Killed Sonja
 20415 | Lair:5   | Identified the +2 robe of Parts Unknown {Rampage Drain
                  | Str+3}
 20427 | Lair:6   | Entered Level 6 of the Lair of Beasts
 21145 | Lair:6   | Reached skill level 15 in Armour
 21260 | Lair:6   | Reached skill level 10 in Dodging
 21298 | Lair:6   | Reached skill level 19 in Fighting
 22330 | Lair:6   | Reached skill level 20 in Fighting
 22405 | Lair:6   | Slain by a dire elephant

Illustrated notes

Levels and vault maps discovered:
D:1:      evilmike_arrival_home_sweet_home, layout_basic,
          hellmonk_ecumenical_altar_inner_sanctum, minivault_5
D:2:      layout_loops_cross, uniq_natasha, uniq_terence
D:3:      wad_river_or_something, layout_basic, trog_wizard
D:4:      layout_cave_pools, nicolae_uskayaw_en_pointe, grunt_qazlal_sundering,
          uniq_edmund
D:5:      layout_basic, hangedman_decor_lopped, serial_bayou_pond_e
D:6:      lemuel_castle_with_subvaults [lemuel_castle_interior_original],
          layout_loops_ring, general_overflow_altar, mainiacjoe_overflow_swirl,
          uniq_menkaure
D:7:      layout_basic, minmay_temple_entry_statues_fountains,
          gammafunk_ghost_berserking_beasts, kennysheep_generic_room_10
D:8:      gammafunk_cloud_chamber, layout_rooms, special_room
          [special_room_orc], serial_shops, shop,
          nicolae_concentric_dashed_squares_wild, uniq_erica
D:9:      layout_basic, erik_lair_island, serial_shops, kennysheep_little_box
D:10:     layout_layer_cave, lemuel_crystal_altar,
          minmay_orc_entry_temple_small, uniq_maggie
Lair:1:   layout_regular_city, lemuel_old_faithful, grunt_megastairs_1,
          serial_bayou_shore_a
Lair:2:   layout_regular_city, minmay_snake_entry_guardpost_medium,
          uniq_gastronok
Lair:3:   layout_gridlike, spider_nest_entry_webs, hangedman_tree_tricks,
          beast_lair_carwin_2, lemuel_fruit_fields
Lair:4:   layout_roguey, hangedman_lair_unloving_vines,
          nicolae_quartered_pool_super
Lair:5:   layout_loops_ring, slime_altar_1,
          portal_ice_cave_entry_animals_and_master, lemuel_fruit_fields,
          infiniplex_staircase_pool, uniq_nessos, uniq_sonja
Lair:6:   due_jungle_book, layout_regular_city, grunt_megastairs_5

Skill      XL: |  1  2  3  4  5  6  7  8  9 10 11 12 13 14 |
---------------+-------------------------------------------+-----
Dodging        | 1 2 3 5 7 8 10 | 10.2
Shields        | 4 5 |  5.0
Armour         | 4 5 7 8 9 10 11 14 15 | 15.0
Fighting       | 4 5 6 8 9 10 12 14 15 18 20 | 20.1
Maces & Flails | 4 5 6 8 10 12 13 14 | 14.0
Invocations    | 1 2 4 5 7 8 |  8.0

Action                   |  1- 3 |  4- 6 |  7- 9 | 10-12 | 13-15 || total
-------------------------+-------+-------+-------+-------+-------++-------
Melee: Flail             |    63 |   102 |   308 |   741 |  1093 ||  2307
       Headbutt          |     9 |    14 |    65 |   179 |   333 ||   600
Invok: Minor Destruction |       |       |     2 |       |       ||     2
       Lesser Servant of |       |       |       |     1 |       ||     1
Evoke: Wand              |       |       |       |       |     3 ||     3
  Use: Potion            |       |     1 |       |     1 |     2 ||     4
       Scroll            |       |       |     5 |    15 |     7 ||    27
Armor: Scale mail        |    21 |    36 |    50 |       |       ||   107
       Ring mail         |       |       |    79 |       |       ||    79
       Plate armour      |       |       |       |   524 |   650 ||  1174
       Ice dragon scales |       |       |       |       |    88 ||    88
Dodge: Dodged            |    37 |    80 |   168 |   345 |   550 ||  1180
Block: Buckler           |    11 |    26 |    63 |   173 |   256 ||   529

Table legend: (Time is in decaauts)
 A = Elapsed time spent in this place.
 B = Non-inter-level travel time spent in this place.
 C = Inter-level travel time spent in this place.
 D = Time resting spent in this place.
 E = Time spent auto-exploring this place.
 F = Levels seen in this place.
 G = Mean time per level.
                   A        B        C        D        E       F      G
               +--------+--------+--------+--------+--------+-----+--------+
         Total |  22148 |  21268 |    880 |   3745 |  12748 |  17 | 1302.8 |
       Dungeon |  12630 |  11966 |    664 |   2148 |   7400 |  10 | 1263.0 |
          Lair |   8435 |   8220 |    215 |   1193 |   4976 |   6 | 1405.8 |
      Ice Cave |   1082 |   1082 |      0 |    404 |    371 |   1 | 1082.0 |
               +--------+--------+--------+--------+--------+-----+--------+

Top non-repeatable levels by time:
     D:6: 2230 daAuts
  Lair:6: 1731 daAuts
     D:9: 1528 daAuts
     D:7: 1493 daAuts
  Lair:3: 1480 daAuts
  Lair:4: 1333 daAuts
  Lair:5: 1330 daAuts
  Lair:1: 1293 daAuts
  Lair:2: 1265 daAuts
     D:8: 1206 daAuts
     D:3: 1157 daAuts
     D:4: 1112 daAuts
   IceCv: 1082 daAuts
    D:10: 1077 daAuts
     D:2: 1028 daAuts
